 Dungeon Crawl Stone Soup version 0.31-a0-879-g1609e0ac53 (webtiles) character file.

Game seed: 10598747225253491230

109792 Dirtsage the Metamorph (level 16, 0/146 (148) HPs)
             Began as an Octopode Shapeshifter on Oct 14, 2023.
             Was the Champion of Wu Jian.
             Killed from afar by a vampire mage (1 damage)
             ... with a bolt of negative energy
             ... on level 15 of the Dungeon.
             The game lasted 01:00:27 (23669 turns).

Dirtsage the Metamorph (Octopode Shapeshifter)     Turns: 23669, Time: 01:00:28

HP:   0/146 (148)   AC: 32    Str: 19    XL:     16   Next: 53%
MP:   25/25         EV: 20    Int: 14    God:    Wu Jian [******]
Gold: 1308          SH: 21    Dex: 12    Spells: 15/15 levels left

rFire   + .          .
                       - Unarmed
rCold   . . .        s - +5 Storm Queen's Shield {shock, Fly rElec}
rNeg    + . .        V - +1 hat
rPois   ∞            j - amulet of reflection
rElec   +            r - +4 ring of protection
rCorr   +            f - ring of magical power
SInv    .            C - ring of resist corrosion
Will    +....        m - ring of willpower
Stlth   +++++        F - ring of protection from fire
HPRegen 0.44/turn    L - +5 ring of evasion
MPRegen 0.19/turn    W - ring of wizardry
                     (no ring)

%: reflection, wizardry (x1)
@: statue-form, weak-willed, flying, lightly drained, very slow
A: slow and powerful, torment resistance 1, boosted hp, almost no armour,
amphibious, 8 rings, camouflage 1, (gelatinous body 1), (nimble swimmer 1),
tentacles
a: Begin Untransformation, Renounce Religion, Wall Jump, Serpent's Lash,
Heavenly Storm


You were on level 15 of the Dungeon.
You worshipped Wu Jian.
Wu Jian was exalted by your worship.
You were a living statue of rough stone.
You visited 4 branches of the dungeon, and saw 23 of its levels.
You also visited: Ossuary and Bailey.

You collected 2915 gold pieces.
You spent 1607 gold pieces at shops.

Inventory:

Missiles
 z - 8 curare-tipped darts
 Y - 2 throwing nets
Armour
 s - the +5 Storm Queen's Shield (worn) {shock, Fly rElec}
   (You bought it in a shop on level 10 of the Dungeon)

   Shock:     When it blocks an attack, it may electrocute the attacker.
   This works even against foes who are a short distance away.
   rElec:     It insulates you from electricity.
   Fly:       It grants you flight.
 V - a +1 hat (worn)
Jewellery
 f - a ring of magical power (right tentacle)
 j - an amulet of reflection (around mantle)
 m - a ring of willpower (on tentacle)
 r - a +4 ring of protection (left tentacle)
 C - a ring of resist corrosion (on tentacle)
 F - a ring of protection from fire (on tentacle)
 L - a +5 ring of evasion (on tentacle)
 N - an amulet of faith
 T - a ring of ice
 W - a ring of wizardry (on tentacle)
Talismans
 b - a granite talisman (active)
 n - a maw talisman
Wands
 p - a wand of acid (13)
 u - a wand of charming (24)
 w - a wand of flame (41)
 D - a wand of digging (4)
 E - a wand of roots (7)
 Q - a wand of polymorph (5)
 X - a wand of mindburst (18)
Scrolls
 e - a scroll of butterflies
 g - 3 scrolls of fear
 i - 14 scrolls of identify
 k - 9 scrolls of enchant armour
 t - 12 scrolls of teleportation
 y - 2 scrolls of torment
 B - 3 scrolls of blinking
 H - 7 scrolls of immolation
 I - 5 scrolls of amnesia
 J - a scroll of vulnerability
 K - 5 scrolls of enchant weapon
 P - a scroll of fog
 R - 3 scrolls of revelation
 S - 2 scrolls of poison
 Z - a scroll of acquirement
Potions
 a - 5 potions of lignification
 d - 3 potions of might
 h - 4 potions of haste
 l - 5 potions of heal wounds
 o - 3 potions of brilliance
 q - 2 potions of curing
 v - 3 potions of mutation
 x - 6 potions of enlightenment
 A - 3 potions of invisibility
 G - 10 potions of ambrosia
 M - 3 potions of cancellation
Miscellaneous
 U - a sack of spiders


   Skills:
 + Level 12.0 Fighting
 + Level 10.0 Dodging
 - Level 10.2 Stealth
 + Level 9.6 Shields
 + Level 14.9 Unarmed Combat
 + Level 16.1 Shapeshifting


You had 15 spell levels left.
You didn't know any spells.
Your spell library contained the following spells:

 Spells                   Type           Power      Damage    Failure   Level
 Sting                    Tmut/Pois      0%         1d3       22%         1
 Poisonous Vapours        Pois/Air       0%         N/A       32%         2
 Call Canine Familiar     Summ           0%         N/A       52%         3
 Dazzling Flash           Conj/Hex       0%         N/A       52%         3
 Mephitic Cloud           Conj/Pois/Air  0%         N/A       52%         3
 Sigil of Binding         Hex            0%         N/A       52%         3
 Volatile Blastmotes      Fire/Tloc      0%         2d10      52%         3
 Animate Dead             Necr           0%         N/A       89%         4
 Dimensional Bullseye     Hex/Tloc       0%         N/A       89%         4
 Leda's Liquefaction      Hex/Erth       0%         N/A       89%         4
 Olgreb's Toxic Radiance  Pois           0%         N/A       89%         4
 Petrify                  Tmut/Erth      0%         N/A       89%         4
 Borgnjor's Vile Clutch   Necr/Erth      0%         N/A       99%         5
 Freezing Cloud           Conj/Ice/Air   0%         6-21      99%         5
 Irradiate                Conj/Tmut      0%         3d11      99%         5
 Lee's Rapid Deconstruct  Erth           0%         3d4*      99%         5
 Bombard                  Conj/Erth      0%         9d1       100%        6
 Death Channel            Necr           0%         N/A       100%        6
 Starburst                Conj/Fire      0%         6d3       100%        6
 Maxwell's Capacitive Co  Air            0%         ∞         100%        8
 Sublimation of Blood     Necr           Unusable   N/A       N/A         2

Dungeon Overview and Level Annotations

Branches:
Dungeon (15/15)            Temple (1/1) D:6            Lair (5/5) D:10
 Shoals (0/4) Lair:2        Snake (0/4) Lair:3        Slime (0/5) Lair:4
    Orc (2/2) D:9             Elf (0/3) Orc:2        Vaults (0/5) D:14
 Depths (0/4) D:15        Ossuary (visited)          Bailey (visited)

Altars:
Ashenzari
Cheibriados
Dithmenos
Elyvilon
Fedhas
Gozag
Hepliaklqana
Kikubaaqudgha
Makhleb
Nemelex Xobeh
Okawaru
Qazlal
Ru
Sif Muna
Trog
Uskayaw
Vehumet
Wu Jian
Xom
Yredelemnul
Zin
The Shining One

Shops:
D:3 [   D:10 [   Orc:2 ??(*(

Portals:
Abyss: D:11

Annotations:
D:2 1 runed translucent door, Crazy Yiuf
D:11 2 transporters, inmateoo's ghost, journeyman DrCj


Innate Abilities, Weirdness & Mutations

You are a living statue of rough stone.
Your actions are slow, but your melee attacks are powerful.
You are resistant to unholy torment.
Your maximum health is greatly increased.
You cannot wear most types of armour.
You are amphibious.
You can wear up to eight rings at the same time.
You are immune to poison.
Your skin changes colour to match your surroundings (Stealth+).
((Your rubbery body absorbs attacks. (AC +1, EV +1)))
((You are camouflaged when in or above water. (Stealth+)))
You have tentacles for arms and can constrict up to eight enemies at once.


Message History

The phantasmal warrior hits you but does no damage.
You block the cyclops's attack.
You block the spark wasp simulacrum's attack.
Your shield discharges, shocking the spark wasp simulacrum!
You take 25 damage, and have 51/148 hp.
You barely miss the cyclops.
The cyclops is almost dead.
The cyclops's soul is no longer bound.
You block the skeletal warrior's attack.
The phantasmal warrior hits you!
* * * LOW HITPOINT WARNING * * *
Your willpower is stripped away!
You block the spark wasp simulacrum's attack.
You block the cyclops's attack.
The skeletal warrior closely misses you.
The necromancer casts a spell.
The necromancer binds the souls of nearby monsters.
You block the phantasmal warrior's attack.
Your shield discharges, shocking the phantasmal warrior!
You take 11 damage, and have 40/148 hp.
You thrash the cyclops!!!
You kill the cyclops!
The Council accepts your kill.
A freezing mist starts to gather...
A cyclops simulacrum comes into view.
You block the spark wasp simulacrum's attack.
Your shield discharges, shocking the spark wasp simulacrum!
The spark wasp simulacrum hits you!
* * * LOW HITPOINT WARNING * * *
The spark wasp simulacrum freezes you!!
* * * LOW HITPOINT WARNING * * *
You block the phantasmal warrior's attack.
You hear some strange, mumbled words.
A bolt of negative energy appears from out of thin air!
The bolt of negative energy hits the skeletal warrior.
The skeletal warrior completely resists.
The bolt of negative energy hits the cyclops simulacrum.
The cyclops simulacrum completely resists.
The bolt of negative energy hits you. You partially resist.
You feel drained.
You die...

#.#.#................###
# #.#..=.######......#
#<#..).# #......#
.###...)### #......#
..........# ######.#
#########.## #.# #..##
####.# ##WZ# #......
##8##..P.... #Z#p.......
#pzZ....... ##W{.......
#.....C88. #.^.8WW.>.
##....8... #.....8..
#...!....


You could see a skeletal warrior (wandering), a phantasmal warrior (summoned), a
necromancer, a wraith (summoned), a cyclops simulacrum and a spark wasp
simulacrum.

Vanquished Creatures
  Gastronok (D:9)
  Kirke (D:12)
  Roxanne (D:14)
  The ghost of Ge0ff the Slicer, an adept OpBr of Okawaru (D:15)
  Louise (D:15)
  Azrael (D:12)
  A spark wasp (shapeshifter) (D:15)
  A dire elephant (Lair:5)
  2 ettins
  2 yaktaur captains (D:15)
  Josephine (D:12)
  4 hydras
  An ogre mage (D:15)
  11 centaur warriors
  2 catoblepae
  3 boulder beetles
  A tengu warrior (D:14)
  6 two-headed ogres
  3 death yaks (Lair:5)
  A deep troll shaman (Lair:5)
  A deep troll earth mage (D:15)
  3 orc high priests (Orc:2)
  A deep elf knight (D:15)
  A shadow wraith (D:14)
  3 skeletal warriors (D:14)
  3 skysharks
  Lodul (D:12)
  A deep troll (Lair:4)
  An obsidian statue (D:15)
  A wizard (D:14)
  3 lindwurms
  Pikel (D:6)
  3 deep elf pyromancers
  7 orc knights
  3 orc sorcerers (Orc:2)
  2 cyclopes
  8 ugly things
  6 manticores
  6 black mambas
  8 elephants (Lair:5)
  A gargoyle (D:12)
  A torpor snail (Lair:5)
  Maggie (D:9)
  11 cane toads
  A freezing wraith (D:13)
  3 kobold demonologists (D:12)
  13 rime drakes
  2 unseen horrors (D:12)
  2 unseen horror zombies (D:10)
  4 efreet
  8 komodo dragons
  Jeremiah (D:7)
  2 tengu conjurers (D:14)
  6 polar bears
  A queen bee (Lair:2)
  5 trolls
  A hornet (D:8)
  A wind drake (shapeshifter) (D:13)
  18 blink frogs
  8 dream sheep (Lair:5)
  8 slime creatures
  A jumping spider (shapeshifter) (D:13)
  3 shadows (D:10)
  9 wraiths
  3 wyverns
  44 yaks
  2 fire elementals (D:12)
  A vampire (D:10)
  4 hogs (D:12)
  9 basilisks
  7 steam dragons
  4 wargs
  9 vampire mosquitoes
  3 acid dragons
  Duvessa (D:6)
  6 hell hounds (D:12)
  10 water moccasins
  4 ice beasts
  31 orc warriors
  2 black bears
  A swamp drake (Lair:5)
  11 ogres
  A sky beast (D:6)
  21 centaurs
  15 wolves
  A phantom (D:4)
  An elf zombie (Ossuary)
  3 kobold brigands (D:12)
  8 bullfrogs
  A gnoll sergeant (D:8)
  2 scorpions
  5 wights (D:6)
  Dowan (D:6)
  31 killer bees
  6 howler monkeys
  4 centaur zombies
  9 jellies
  5 hounds
  5 human zombies (Ossuary)
  20 orc priests
  3 gnoll boudas
  28 orc wizards
  3 iguanas
  5 sleepcaps
  7 hell rats (Lair:5)
  3 mummies
  A howler monkey zombie (D:10)
  17 gnolls
  10 adders
  2 shadow imps
  6 ufetubi
  An adder zombie (Ossuary)
  4 worms
  4 dart slugs
  114 orcs
  10 endoplasms
  5 giant cockroaches
  11 goblins
  6 hobgoblins
  15 jackals
  3 quokkas
  8 ball pythons
  5 bats
  A frilled lizard (D:1)
  12 hobgoblin zombies (Ossuary)
  11 kobolds
  5 kobold zombies (Ossuary)
  8 orc zombies (Ossuary)
  7 rats
  2 rat zombies (Ossuary)
827 creatures vanquished.

Vanquished Creatures (others)
  A centaur simulacrum (D:14)
  An orc wizard (D:6)
2 creatures vanquished.

Grand Total: 829 creatures vanquished

Notes
Turn   | Place    | Note
-------+----------+-------------------------------------------
     0 | D:1      | Dirtsage the Octopode Shapeshifter began the quest for the
                  | Orb.
     0 | D:1      | Reached XP level 1. HP: 13/13 MP: 1/1
    37 | D:1      | Reached XP level 2. HP: 11/18 MP: 2/2
    42 | D:1      | Reached skill level 1 in Stealth
   261 | D:1      | Reached XP level 3. HP: 15/23 MP: 3/3
   808 | D:2      | Found a faded altar of an unknown god.
   883 | D:2      | Reached XP level 4. HP: 23/28 MP: 4/4
  1323 | D:2      | Reached XP level 5. HP: 33/33 MP: 5/5
  1434 | D:2      | Reached skill level 4 in Shapeshifting
  1489 | D:2      | Found a runed translucent door.
  1490 | D:2      | Noticed Crazy Yiuf
  1727 | D:3      | Found a white marble altar of Elyvilon.
  1728 | D:3      | Found a sacrificial altar of Ru.
  1821 | D:3      | Found a shimmering blue altar of Sif Muna.
  2081 | D:3      | Reached XP level 6. HP: 23/39 MP: 6/6
  2149 | D:3      | Found a basalt altar of Yredelemnul.
  2222 | D:3      | Found a snail-covered altar of Cheibriados.
  2453 | D:3      | Found Feob's Armour Shoppe.
  2772 | D:4      | Found a stormy altar of Qazlal.
  2781 | D:4      | Found a blossoming altar of Fedhas.
  2811 | D:4      | Reached skill level 5 in Unarmed Combat
  2845 | D:4      | Reached XP level 7. HP: 45/45 MP: 7/7
  3061 | D:4      | Reached skill level 5 in Shapeshifting
  3360 | D:4      | You fall into a shaft and drop 2 floors!
  3367 | D:6      | Noticed Pikel
  3383 | D:6      | Killed Pikel
  3384 | D:6      | Reached skill level 5 in Stealth
  3384 | D:6      | Reached XP level 8. HP: 26/52 MP: 8/8
  3569 | D:6      | Found a staircase to the Ecumenical Temple.
  3574 | Temple   | Entered the Ecumenical Temple
  3586 | Temple   | Became a worshipper of the Wu Jian Council
  3645 | D:6      | Reached skill level 6 in Shapeshifting
  3766 | D:6      | Noticed Duvessa
  3781 | D:6      | Killed Duvessa
  3783 | D:6      | Noticed Dowan
  3790 | D:6      | Killed Dowan
  3867 | D:6      | Found a sand-covered staircase.
  3895 | Ossuary  | Entered an ossuary
  3984 | Ossuary  | Reached * piety under Wu Jian
  4046 | Ossuary  | Reached XP level 9. HP: 41/58 MP: 9/9
  4413 | D:5      | Entered Level 5 of the Dungeon
  4451 | D:5      | Reached skill level 7 in Shapeshifting
  4456 | D:5      | Reached ** piety under Wu Jian
  4820 | D:5      | Found an iron altar of Okawaru.
  6130 | D:7      | Found a hide-covered altar of Uskayaw.
  6244 | D:7      | Reached *** piety under Wu Jian
  6257 | D:7      | Reached skill level 5 in Fighting
  6654 | D:7      | Noticed Jeremiah
  6684 | D:7      | Killed Jeremiah
  6685 | D:7      | Reached skill level 8 in Shapeshifting
  6685 | D:7      | Reached XP level 10. HP: 16/66 MP: 10/10
  7222 | D:8      | Found a flagged portal.
  7251 | D:8      | Found a shadowy altar of Dithmenos.
  7261 | Bailey   | Entered a bailey
  7428 | Bailey   | Reached skill level 12 in Shapeshifting
  7428 | Bailey   | Reached XP level 11. HP: 72/72 MP: 11/11
  7455 | Bailey   | Reached **** piety under Wu Jian
  7811 | D:8      | Found a shimmering altar of Xom.
  7820 | D:8      | Found a shimmering altar of Xom.
  7820 | D:8      | Found a shimmering altar of Xom.
  7822 | D:8      | Found a shimmering altar of Xom.
  7822 | D:8      | Found a shimmering altar of Xom.
  7822 | D:8      | Found a shimmering altar of Xom.
  8323 | D:9      | Noticed Maggie
  8328 | D:9      | Killed Maggie
  8376 | D:9      | Noticed Gastronok
  8390 | D:9      | Killed Gastronok
  9040 | D:9      | Found a staircase to the Orcish Mines.
  9296 | D:9      | Reached skill level 13 in Shapeshifting
  9297 | D:9      | Reached ***** piety under Wu Jian
  9352 | D:10     | Entered Level 10 of the Dungeon
  9352 | D:10     | Noticed a two-headed ogre
  9357 | D:10     | Killed a two-headed ogre
  9363 | D:10     | Reached skill level 10 in Unarmed Combat
  9425 | D:10     | Found a staircase to the Lair.
  9442 | D:10     | Reached XP level 12. HP: 31/80 MP: 12/12
  9917 | D:10     | Noticed a two-headed ogre
  9943 | D:10     | Killed a two-headed ogre
 10117 | D:10     | Found Ranuisaf's Armour Shop.
 10301 | D:10     | Reached skill level 10 in Stealth
 10588 | Lair:1   | Entered Level 1 of the Lair of Beasts
 10951 | Lair:1   | Reached skill level 1 in Shields
 12330 | Lair:2   | Reached skill level 14 in Shapeshifting
 12456 | Lair:2   | Reached XP level 13. HP: 21/88 MP: 13/13
 12933 | Lair:2   | Found a staircase to the Shoals.
 13602 | Lair:2   | Reached ****** piety under Wu Jian
 13914 | D:10     | Bought the +5 Storm Queen's Shield {shock, Fly rElec} for
                  | 775 gold pieces
 13914 | D:10     | Found the +5 Storm Queen's Shield {shock, Fly rElec}
 14103 | Lair:3   | Found a staircase to the Snake Pit.
 15025 | Lair:4   | Found a staircase to the Slime Pits.
 15054 | Lair:4   | Reached skill level 5 in Dodging
 16036 | Lair:5   | Entered Level 5 of the Lair of Beasts
 16304 | Lair:5   | Reached skill level 5 in Shields
 16336 | Lair:5   | Reached XP level 14. HP: 44/97 MP: 14/14
 17288 | Lair:5   | Noticed a dire elephant
 17380 | Lair:5   | Killed a dire elephant
 17409 | Lair:5   | Identified the staff "Liyq" {Will+ Int+3 Earth}
 17861 | Orc:1    | Entered Level 1 of the Orcish Mines
 17873 | Orc:1    | Reached skill level 15 in Shapeshifting
 18027 | Orc:1    | Reached skill level 10 in Fighting
 18325 | Orc:2    | Entered Level 2 of the Orcish Mines
 18363 | Orc:2    | Found a staircase to the Elven Halls.
 18510 | Orc:2    | Reached XP level 15. HP: 103/103 MP: 15/15
 18521 | Orc:2    | Found Ciecsia's Magic Scroll Emporium.
 18521 | Orc:2    | Found Legy's Assorted Antiques.
 18523 | Orc:2    | Found Feyfeod's Antique Weapon Shop.
 18523 | Orc:2    | Found Plog's Magic Scroll Emporium.
 18667 | Orc:2    | Found Ozulaale's Firing Range.
 18986 | Orc:2    | Bought a scroll of acquirement for 832 gold pieces
 19099 | D:11     | Found a one-way gate to the infinite horrors of the Abyss.
 19099 | D:11     | Noticed inmateoo's ghost (journeyman DrCj)
 19128 | D:11     | Found a transporter.
 19140 | D:11     | Found a transporter.
 19676 | D:12     | Noticed Azrael
 19725 | D:12     | Killed Azrael
 19882 | D:12     | Noticed Josephine
 19884 | D:12     | Noticed Lodul
 19889 | D:12     | Killed Josephine
 19917 | D:12     | Killed Lodul
 20182 | D:12     | Noticed Kirke
 20196 | D:12     | Killed Kirke
 21822 | D:14     | Found a gate to the Vaults.
 22160 | D:14     | Reached XP level 16. HP: 99/113 MP: 16/16
 22277 | D:14     | Noticed Roxanne
 22297 | D:14     | Killed Roxanne
 22792 | D:15     | Entered Level 15 of the Dungeon
 22814 | D:15     | Identified the +6 tower shield of Prudence {Dex+4}
 22814 | D:15     | Noticed Louise
 22825 | D:15     | Killed Louise
 22988 | D:15     | Paralysed by something for 3 turns
 22996 | D:15     | Reached skill level 16 in Shapeshifting
 23240 | D:15     | Found a runed translucent gate.
 23241 | D:15     | Found a runed translucent gate.
 23242 | D:15     | Found a runed translucent gate.
 23243 | D:15     | Found an opulent altar of Gozag.
 23245 | D:15     | Noticed Ge0ff's ghost (adept OpBr)
 23270 | D:15     | Killed Ge0ff's ghost
 23637 | D:15     | Reached skill level 10 in Dodging
 23648 | D:15     | Found a staircase to the Depths.
 23669 | D:15     | HP: 1/148 [spark wasp simulacrum[a necromancer] (27)]
 23669 | D:15     | Killed from afar by a vampire mage

Illustrated notes

Levels and vault maps discovered:
D:1:      psy_arrival_radial02, layout_basic, st_stairs_2,
          minmay_misc_feat_roman
D:2:      layout_loops_cross, basic_ecumenical_altar, uniq_crazy_yiuf_cottage
D:3:      minmay_chambers_of_twos, layout_basic, slow_altar_2,
          nicolae_sif_muna_condensation, overflow_temple_1_default,
          nicolae_overflow_two_pavilions, serial_shops, nicolae_lakefront_shop
D:4:      layout_cave_pods, grunt_temple_overflow_forces_of_nature
D:5:      layout_rooms, okawaru_trees_1
D:6:      layout_loops_ring, minmay_temple_entry_proselytizer,
          nicolae_ossuary_entry_ruins, uniq_pikel, uniq_duvessa
D:7:      layout_basic, mainiacjoe_overflow_chevrons, serial_rivers,
          chequers_serial_rivers_marsh, chequers_serial_rivers_room_a,
          chequers_serial_rivers_micro_a, chequers_serial_rivers_micro_e,
          chequers_serial_rivers_small_3, chequers_serial_rivers_small_3,
          uniq_jeremiah
D:8:      layout_loops_ring, overflow_temple_1_default, xom_redecorated,
          enter_bailey_5
D:9:      layout_irregular_city, david_orc_5, grunt_ministairs_2,
          uniq_gastronok, uniq_maggie
D:10:     layout_long_grid, hellmonk_lair_entry_icy, serial_undead,
          serial_undead_d, serial_undead_b, serial_undead_c, serial_undead_a,
          serial_shops, nicolae_shop_real_fake_doors, uniq_sonja
D:11:     layout_irregular_city, gammafunk_ghost_abyssal_escape
D:12:     layout_basic, uniq_josephine, uniq_lodul, uniq_kirke, uniq_azrael
D:13:     layout_roguey, drop_trap, nrook_mini_vaults
D:14:     minmay_general_purpose_star, layout_basic, david_vaults_4,
          nicolae_twisty_statue_hallways, uniq_roxanne
D:15:     gammafunk_depths_entry_grave, layout_basic, ebering_ghost_gozag,
          library_closet, uniq_louise
Temple:   jpeg_temple_clearing
Lair:1:   layout_roguey, nicolae_lair_lindhole
Lair:2:   layout_roguey [special_room_bee], shoals_dummy_entry,
          bobbens_dragon_lair_wall
Lair:3:   layout_hall_layers, dummy_snake_entry, infiniplex_staircase_pool_2
Lair:4:   dreamdust_cave_troll, layout_small_grid,
          nicolae_slime_entry_slimehenge
Lair:5:   grunt_lair_end_beastmaster, layout_cave_pods, serial_bayou_pond_b,
          guppyfry_lair_drakes, serial_bayou_shore_b
Orc:1:    layout_caves, basic_altar
Orc:2:    grunt_orc_tribal_feast, layout_caves, nicolae_shop_firing_range

Skill      XL: |  1  2  3  4  5  6  7  8  9 10 11 12 13 14 15 16 |
---------------+-------------------------------------------------+-----
Stealth        | 1 2 3 5 6 7 9 10 | 10.2
Unarmed Combat | 4 5 6 7 8 10 11 12 13 14 | 14.9
Shapeshifting  | 4 5 6 8 12 13 14 15 16 | 16.1
Fighting       | 2 3 4 5 6 7 9 10 11 12 | 12.0
Shields        | 2 5 7 8 9 |  9.6
Dodging        | 3 5 7 9 10 | 10.0

Action                     |  1- 3 |  4- 6 |  7- 9 | 10-12 | 13-15 | 16-18 || total
---------------------------+-------+-------+-------+-------+-------+-------++-------
  Melee: Unarmed           |    56 |   134 |   337 |   559 |   930 |   190 ||  2206
         Constrict         |    13 |    30 |    94 |    76 |   136 |    19 ||   368
         Tentacles         |    12 |    30 |    61 |   111 |   256 |    39 ||   509
         Punch             |     3 |     3 |    13 |    38 |    86 |    22 ||   165
         Maw               |       |       |       |   153 |   345 |    39 ||   537
  Throw: Dart              |       |       |       |     2 |     4 |       ||     6
 Invoke: Serpent's Lash    |       |       |       |     2 |       |       ||     2
         Heavenly Storm    |       |       |       |       |     2 |       ||     2
Ability: Whirlwind         |       |       |    76 |   150 |   239 |    57 ||   522
         Lunge             |       |       |    36 |    59 |    75 |     9 ||   179
  Evoke: Wand              |       |       |    10 |     3 |     5 |       ||    18
    Use: Potion            |       |       |     1 |     4 |       |       ||     5
         Scroll            |       |       |    18 |     8 |     4 |       ||    30
   Stab: Sleeping          |     4 |    15 |    13 |    14 |    24 |     7 ||    77
         Distracted        |       |       |     2 |     1 |     3 |       ||     6
         Petrified         |       |       |       |       |     1 |       ||     1
 Armour: Skin              |    27 |    39 |   127 |   247 |   270 |   104 ||   814
  Dodge: Dodged            |    30 |    41 |    90 |   157 |   253 |    91 ||   662
  Block: Other             |       |     8 |       |       |       |       ||     8
         Buckler           |       |     4 |    83 |   220 |    29 |       ||   336
         Reflection        |       |       |     5 |     3 |    35 |    24 ||    67
         Kite shield       |       |       |       |       |   510 |   170 ||   680
   Form: Maw               |       |       |       |     1 |       |       ||     1
         Statue            |       |       |       |       |       |     1 ||     1

Table legend: (Time is in decaauts)
 A = Elapsed time spent in this place.
 B = Non-inter-level travel time spent in this place.
 C = Inter-level travel time spent in this place.
 D = Time resting spent in this place.
 E = Time spent auto-exploring this place.
 F = Levels seen in this place.
 G = Mean time per level.
                   A        B        C        D        E       F      G
               +--------+--------+--------+--------+--------+-----+--------+
         Total |  23894 |  22780 |   1114 |    640 |  17519 |  25 |  955.8 |
       Dungeon |  14958 |  14233 |    725 |    165 |  11136 |  15 |  997.2 |
        Temple |     26 |     16 |     10 |      0 |      0 |   1 |   26.0 |
          Lair |   6988 |   6708 |    280 |    475 |   5109 |   5 | 1397.6 |
  Orcish Mines |   1158 |   1060 |     98 |      0 |    801 |   2 |  579.0 |
       Ossuary |    402 |    402 |      0 |      0 |    218 |   1 |  402.0 |
        Bailey |    359 |    359 |      0 |      0 |    254 |   1 |  359.0 |
               +--------+--------+--------+--------+--------+-----+--------+

Top non-repeatable levels by time:
  Lair:1: 1763 daAuts
  Lair:5: 1590 daAuts
  Lair:2: 1556 daAuts
     D:6: 1468 daAuts
    D:10: 1353 daAuts
    D:15: 1235 daAuts
     D:7: 1146 daAuts
     D:9: 1125 daAuts
    D:14: 1123 daAuts
  Lair:3: 1046 daAuts
  Lair:4: 1031 daAuts
     D:3: 986 daAuts
     D:4: 937 daAuts
    D:12: 930 daAuts
    D:13: 917 daAuts
